Jets vs Canucks
Created - December 12, 2024 at 19:17
Goals
|
Jets |
2 |
2 |
0 |
4 |
Canucks |
0 |
2 |
4 |
6 |
|
Shots
|
Jets |
17 |
5 |
10 |
32 |
Canucks |
6 |
16 |
9 |
31 |
|
1st period
1. Jets , Jack Roslovic 8 (Ryan Johansen 16, Anthony Mantha 6) at 10:03
2. Jets , Anthony Mantha 6 (Jack Roslovic 7, Ryan Johansen 17) at 15:32 (PP)
Penalties :
Alex Goligoski (Van) for Tripping (Minor) at 14:22, Jack Roslovic (Win) for Interference (Minor) at 16:22
2nd period
3. Jets , Frank Vatrano 5 (Erik Cernak 4) at 2:35
4. Canucks , Yanni Gourde 9 (J.T. Miller 20) at 4:32 (PP)
5. Jets , Kyle Connor 3 (Frank Vatrano 6, Troy Stetcher 8) at 7:06
6. Canucks , Jordan Eberle 14 (Alex Goligoski 4, Yanni Gourde 16) at 8:39
Penalties :
Dougie Hamilton (Win) for High sticking (Minor) at 4:24, Sam Reinhart (Win) for Tripping (Minor) at 12:07
3rd period
7. Canucks , Jason Spezza 3 (Tony DeAngelo 6, Robert Nilsson 8) at 5:30
8. Canucks , Gilbert Brule 1 (Daniel Zaar 1, Tony DeAngelo 7) at 15:26
9. Canucks , Yanni Gourde 10 (Jordan Eberle 11, J.T. Miller 21) at 16:25
10. Canucks , Tyler Cuma 1 (Yanni Gourde 17, Alex Goligoski 5) at 19:13 (Empty Net)
Penalties :
Dougie Hamilton (Win) for Tripping (Minor) at 0:43, Jack Roslovic (Win) for Cross-checking (Minor) at 7:39
Goalie Stats
Jacob Markstrom (Win), 25 saves from 30 shots - (0.833), L, 10-10-1, 59:32 minutes
Petr Mrazek (Van), 28 saves from 32 shots - (0.875), W, 6-6-2, 60:00 minutes
Players Stats for Jets
Player Name G A P +/- PIM S H SB GA TA FO MP PP MP PK MP
------------------------------------------------------------------------------------
Adam Larsson 0 0 0 -1 0 5 2 1 1 1 0/0 22:34 0:00 4:05
Anthony Mantha 1 1 2 1 0 2 2 0 0 0 0/0 17:55 0:43 4:32
Dougie Hamilton 0 0 0 -3 4 3 1 3 0 0 0/0 27:31 0:35 3:21
Dylan Strome 0 0 0 0 0 0 1 0 0 0 7/11 13:42 0:00 1:10
Erik Cernak 0 1 1 0 0 0 1 1 1 0 0/0 14:04 0:00 2:18
Frank Vatrano 1 1 2 1 0 4 1 0 0 0 0/0 9:38 0:00 2:30
Jack Roslovic 1 1 2 1 4 4 0 0 0 0 1/1 13:36 0:43 0:00
Kyle Connor 1 0 1 1 0 1 0 0 0 0 1/1 9:06 0:35 1:35
Max Domi 0 0 0 -3 0 1 1 0 0 0 9/14 18:42 0:27 0:00
Mirco Mueller 0 0 0 1 0 3 0 1 0 1 0/0 12:20 0:00 0:10
Nino Niederreiter 0 0 0 -1 0 0 0 0 0 0 0/1 15:19 0:27 1:57
Roope Hintz 0 0 0 1 0 0 0 0 1 1 0/0 6:43 0:00 0:00
Ryan Johansen 0 2 2 0 0 4 0 0 0 0 6/12 13:32 0:43 0:00
Ryan Murray 0 0 0 -1 0 0 1 2 0 1 0/0 24:33 0:35 3:23
Sam Reinhart 0 0 0 -3 2 2 1 0 0 0 0/1 18:16 0:00 0:00
Troy Stetcher 0 1 1 0 0 2 3 1 0 1 0/0 18:42 0:35 2:51
Tyler Seguin 0 0 0 -1 0 1 0 1 1 0 4/7 17:23 0:27 4:24
Viktor Arvidsson 0 0 0 -3 0 0 0 0 2 0 0/1 18:15 0:00 0:00
Players Stats for Canucks
Player Name G A P +/- PIM S H SB GA TA FO MP PP MP PK MP
------------------------------------------------------------------------------------
Alex Goligoski 0 2 2 2 2 1 0 2 1 0 0/0 18:25 4:02 0:00
Ben Harpur 0 0 0 0 0 1 1 0 2 1 0/0 15:00 0:00 0:00
Brock Boeser 0 0 0 0 0 4 0 0 0 0 0/1 16:29 3:43 0:00
Chris Tierney 0 0 0 0 0 0 0 1 1 0 3/11 16:38 3:43 0:09
Daniel Zaar 0 1 1 0 0 1 0 0 0 0 0/1 7:14 0:00 0:00
Denis Gurianov 0 0 0 0 0 1 0 0 0 0 0/1 7:34 0:00 0:20
Gilbert Brule 1 0 1 0 0 1 0 0 0 1 0/0 7:14 0:00 0:00
J.T. Miller 0 2 2 1 0 5 3 1 0 0 0/3 23:34 4:21 0:41
Jason Spezza 1 0 1 1 0 1 0 1 0 2 0/0 12:34 0:00 0:20
Jordan Eberle 1 1 2 1 0 3 2 0 0 0 0/1 23:34 4:21 0:41
Mark Jankowski 0 0 0 1 0 0 4 0 0 0 0/0 12:14 0:00 0:00
Matt Martin 0 0 0 0 0 1 1 0 0 0 1/1 16:29 3:43 0:00
Michael Kesselring 0 0 0 0 0 1 0 0 0 0 0/0 15:36 0:00 0:36
Robert Nilsson 0 1 1 1 0 0 1 0 0 0 3/8 12:14 0:00 0:00
Tony DeAngelo 0 2 2 2 0 0 1 0 0 0 0/0 19:02 4:02 0:36
Travis Hamonic 0 0 0 0 0 2 0 0 0 1 0/0 25:58 4:02 0:34
Tyler Cuma 1 0 1 0 0 2 1 0 0 1 0/0 25:58 4:02 0:34
Yanni Gourde 2 2 4 1 0 7 4 0 1 0 14/22 23:02 4:21 0:09
3 Stars
1 - Yanni Gourde (Van)
2 - Jordan Eberle (Van)
3 - J.T. Miller (Van)
Power Play
Jets - 1 on 1 Attempt(s) - 100.00%
Canucks - 1 on 5 Attempt(s) - 20.00%
Penalty Kill
Jets - 4 on 5 Attempt(s) - 80.00%
- Score 0 goal in Penalty Kill
Canucks - 0 on 1 Attempt(s) - 0.00%
- Score 0 goal in Penalty Kill
Team Stat
Jets - Hits : 14 - Faceoff Wins : 28 - Blocked Shots : 10 - Penalty Minutes : 10
Canucks - Hits : 18 - Faceoff Wins : 21 - Blocked Shots : 5 - Penalty Minutes : 2
Official
Referees : Tim Peel and Eric Furlatt
Linesman : Ryan Galloway and Devin Berg
Game Notes
Tyler Cuma has scored in a empty net!
Finance
Level 1 -- Attendance: 6000 (100.00%) -- Ticket Income $600,000
Level 2 -- Attendance: 4915 (98.30%) -- Ticket Income $344,050
Level 3 -- Attendance: 1814 (90.70%) -- Ticket Income $72,560
Level 4 -- Attendance: 3650 (91.25%) -- Ticket Income $109,500
Luxury Box -- Attendance: 1000 (100.00%) -- Ticket Income $200,000
Game was played at the Rodgers Arena.
Total Attendance: 17379 (96.55%)
Total Ticket Income: $1,326,110
Other Income: $198,916
Total Income: $1,525,026
Jets
5 vs 5 Forward
Center Left Wing Right Wing Time % Phy DF OF
1 Dylan Strome Nino Niederreiter Tyler Seguin 30 1 1 3
2 Ryan Johansen Anthony Mantha Jack Roslovic 30 1 1 3
3 Max Domi Viktor Arvidsson Sam Reinhart 30 1 1 3
4 Roope Hintz Kyle Connor Frank Vatrano 10 1 2 2
5 vs 5 Defense
Defense Defense Time % Phy DF OF
1 Dougie Hamilton Ryan Murray 40 1 2 2
2 Adam Larsson Troy Stetcher 30 1 2 2
3 Mirco Mueller Erik Cernak 20 1 2 2
4 Dougie Hamilton Adam Larsson 10 1 2 2
PowerPlay Forward
Center Left Wing Right Wing Time % Phy DF OF
1 Ryan Johansen Anthony Mantha Jack Roslovic 60 1 2 2
2 Max Domi Nino Niederreiter Tyler Seguin 40 1 2 2
PowerPlay Defense
Defense Defense Time % Phy DF OF
1 Dougie Hamilton Troy Stetcher 60 1 2 2
2 Ryan Murray Kyle Connor 40 1 2 2
Penalty Kill 4 Players Forward
Center Wing Time % Phy DF OF
1 Tyler Seguin Anthony Mantha 60 1 2 2
2 Nino Niederreiter Frank Vatrano 40 1 2 2
Penalty Kill 4 Players Defense
Defense Defense Time % Phy DF OF
1 Dougie Hamilton Adam Larsson 60 1 2 2
2 Ryan Murray Troy Stetcher 40 1 2 2
Penalty Kill - 3 Players Forward
Forward Time % Phy DF OF
1 Anthony Mantha 60 1 2 2
2 Frank Vatrano 40 1 2 2
Penalty Kill - 3 Players Defense
Defense Defense Time % Phy DF OF
1 Dougie Hamilton Adam Larsson 60 1 2 2
2 Ryan Murray Troy Stetcher 40 1 2 2
4 vs 4 Forward
Center Wing Time % Phy DF OF
1 Ryan Johansen Tyler Seguin 60 1 2 2
2 Nino Niederreiter Jack Roslovic 40 1 2 2
4 vs 4 Defense
Defense Defense Time % Phy DF OF
1 Dougie Hamilton Adam Larsson 60 1 2 2
2 Ryan Murray Troy Stetcher 40 1 2 2
Last Minutes Offensive
Center Left Wing Right Wing Defense Defense
Ryan Johansen Nino Niederreiter Tyler Seguin Dougie Hamilton Jack Roslovic
Last Minutes Defensive
Center Left Wing Right Wing Defense Defense
Ryan Johansen Anthony Mantha Tyler Seguin Adam Larsson Ryan Murray
Goaltenders
Starting : Jacob Markstrom
Backup : James Reimer
Extra Forwards
Normal : Anthony Mantha, Sam Reinhart, Frank Vatrano - PP : Anthony Mantha, Kyle Connor - PK : Frank Vatrano
Extra Defensemen
Normal : Mirco Mueller, Erik Cernak, Ryan Murray - PP : Mirco Mueller - PK : Erik Cernak, Ryan Murray
Penalty Shots
Jack Roslovic, Tyler Seguin, Ryan Johansen, Anthony Mantha, Kyle Connor
Custom OT Lines Forwards
Nino Niederreiter, Tyler Seguin, Jack Roslovic, Ryan Johansen, Anthony Mantha, Max Domi, Viktor Arvidsson, Sam Reinhart, Frank Vatrano, Dylan Strome
Custom OT Lines Defensemen
Dougie Hamilton, Adam Larsson, Ryan Murray, Troy Stetcher, Mirco Mueller
Scratches
None
Canucks
5 vs 5 Forward
Center Left Wing Right Wing Time % Phy DF OF
1 Yanni Gourde J.T. Miller Jordan Eberle 40 1 2 2
2 Chris Tierney Matt Martin Brock Boeser 30 1 2 2
3 Robert Nilsson Mark Jankowski Jason Spezza 20 1 2 2
4 Gilbert Brule Denis Gurianov Daniel Zaar 10 1 2 2
5 vs 5 Defense
Defense Defense Time % Phy DF OF
1 Travis Hamonic Tyler Cuma 40 1 2 2
2 Alex Goligoski Tony DeAngelo 30 1 2 2
3 Ben Harpur Michael Kesselring 20 1 2 2
4 Travis Hamonic Tyler Cuma 10 1 2 2
PowerPlay Forward
Center Left Wing Right Wing Time % Phy DF OF
1 Yanni Gourde J.T. Miller Jordan Eberle 60 1 2 2
2 Chris Tierney Matt Martin Brock Boeser 40 1 2 2
PowerPlay Defense
Defense Defense Time % Phy DF OF
1 Travis Hamonic Tyler Cuma 60 1 2 2
2 Alex Goligoski Tony DeAngelo 40 1 2 2
Penalty Kill 4 Players Forward
Center Wing Time % Phy DF OF
1 J.T. Miller Jordan Eberle 60 1 2 2
2 Yanni Gourde Chris Tierney 40 1 2 2
Penalty Kill 4 Players Defense
Defense Defense Time % Phy DF OF
1 Travis Hamonic Tyler Cuma 60 1 2 2
2 Alex Goligoski Tony DeAngelo 40 1 2 2
Penalty Kill - 3 Players Forward
Forward Time % Phy DF OF
1 J.T. Miller 60 1 2 2
2 Jordan Eberle 40 1 2 2
Penalty Kill - 3 Players Defense
Defense Defense Time % Phy DF OF
1 Travis Hamonic Tyler Cuma 60 1 2 2
2 Alex Goligoski Tony DeAngelo 40 1 2 2
4 vs 4 Forward
Center Wing Time % Phy DF OF
1 J.T. Miller Jordan Eberle 60 1 2 2
2 Yanni Gourde Chris Tierney 40 1 2 2
4 vs 4 Defense
Defense Defense Time % Phy DF OF
1 Travis Hamonic Tyler Cuma 60 1 2 2
2 Alex Goligoski Tony DeAngelo 40 1 2 2
Last Minutes Offensive
Center Left Wing Right Wing Defense Defense
Yanni Gourde J.T. Miller Jordan Eberle Travis Hamonic Tyler Cuma
Last Minutes Defensive
Center Left Wing Right Wing Defense Defense
Yanni Gourde J.T. Miller Jordan Eberle Travis Hamonic Tyler Cuma
Goaltenders
Starting : Petr Mrazek
Backup : Matt Hackett
Extra Forwards
Normal : Robert Nilsson, Gilbert Brule, Jason Spezza - PP : Robert Nilsson, Gilbert Brule - PK : Jason Spezza
Extra Defensemen
Normal : Ben Harpur, Michael Kesselring, Alex Goligoski - PP : Ben Harpur - PK : Michael Kesselring, Alex Goligoski
Penalty Shots
J.T. Miller, Jordan Eberle, Yanni Gourde, Chris Tierney, Matt Martin
Custom OT Lines Forwards
J.T. Miller, Jordan Eberle, Yanni Gourde, Chris Tierney, Matt Martin, Robert Nilsson, Brock Boeser, Gilbert Brule, Jason Spezza, Mark Jankowski
Custom OT Lines Defensemen
Travis Hamonic, Tyler Cuma, Alex Goligoski, Tony DeAngelo, Ben Harpur
Scratches
Oliver Ekman-Larsson (Sprained Left Ankle Injury), Tyler Kennedy (Healthy)
% Time on Ice - Jets
Lines # - Real PCT - Wanted PCT - Time Play
Normal Forward
1 - 25% - 30% - 12:34
2 - 26% - 30% - 13:03
3 - 36% - 30% - 18:15
4 - 13% - 10% - 6:43
Normal Defense
1 - 41% - 40% - 20:46
2 - 30% - 30% - 15:16
3 - 23% - 20% - 11:29
4 - 6% - 10% - 3:04
PP Forward
1 - 61% - 60% - 0:43
2 - 39% - 40% - 0:27
PP Defense
1 - 50% - 60% - 0:35
2 - 50% - 40% - 0:35
PK Forward
1 - 76% - 60% - 6:07
2 - 24% - 40% - 1:57
PK Defense
1 - 65% - 60% - 5:13
2 - 35% - 40% - 2:51
PK3 Forward
1 - 0% - 60%
2 - 0% - 40%
PK3 Defense
1 - 0% - 60%
2 - 0% - 40%
44 Forward
1 - 0% - 60%
2 - 0% - 40%
44 Defense
1 - 0% - 60%
2 - 0% - 40%
Last Minute Offensive - 0:11
Last Minute Defensive - 0:00
Total
Forward - 60:00
Defense - 60:00
|
% Time on Ice - Canucks
Lines # - Real PCT - Wanted PCT - Time Play
Normal Forward
1 - 36% - 40% - 18:24
2 - 25% - 30% - 12:46
3 - 24% - 20% - 12:14
4 - 14% - 10% - 7:14
Normal Defense
1 - 38% - 40% - 19:03
2 - 28% - 30% - 14:24
3 - 30% - 20% - 15:00
4 - 4% - 10% - 2:11
PP Forward
1 - 54% - 60% - 4:21
2 - 46% - 40% - 3:43
PP Defense
1 - 50% - 60% - 4:02
2 - 50% - 40% - 4:02
PK Forward
1 - 87% - 60% - 1:01
2 - 13% - 40% - 0:09
PK Defense
1 - 49% - 60% - 0:34
2 - 51% - 40% - 0:36
PK3 Forward
1 - 0% - 60%
2 - 0% - 40%
PK3 Defense
1 - 0% - 60%
2 - 0% - 40%
44 Forward
1 - 0% - 60%
2 - 0% - 40%
44 Defense
1 - 0% - 60%
2 - 0% - 40%
Last Minute Offensive - 0:00
Last Minute Defensive - 0:08
Total
Forward - 60:00
Defense - 60:00
|
Play-by-Play
1st period
0:01 of 1st period - Dylan Strome wins face-off versus Yanni Gourde in neutral zone.
0:10 of 1st period - Slapshot by J.T. Miller.
0:10 of 1st period - Stopped by Jacob Markstrom with a rebound.
0:12 of 1st period - Slapshot by Jordan Eberle.
0:12 of 1st period - Deflect By Yanni Gourde.
0:12 of 1st period - Shot Blocked by Ryan Murray.
0:12 of 1st period - Puck is out of play.
0:13 of 1st period - Ryan Johansen wins face-off versus Chris Tierney in Jets zone.
1:03 of 1st period - Slapshot by Kyle Connor.
1:03 of 1st period - Shot Misses the Net.
1:07 of 1st period - Wrist shot by Frank Vatrano.
1:07 of 1st period - Deflect By Yanni Gourde.
1:07 of 1st period - Stopped by Petr Mrazek with a rebound.
1:09 of 1st period - Backhand shot by Mirco Mueller.
1:09 of 1st period - Deflect By Yanni Gourde.
1:09 of 1st period - Stopped by Petr Mrazek without a rebound.
1:10 of 1st period - Dylan Strome wins face-off versus Daniel Zaar in Canucks zone.
2:03 of 1st period - Wrist shot by Brock Boeser.
2:03 of 1st period - Shot Blocked by Mirco Mueller.
2:05 of 1st period - Slapshot by Tyler Cuma.
2:05 of 1st period - Shot Blocked by Erik Cernak.
2:11 of 1st period - Wrist shot by Brock Boeser.
2:11 of 1st period - Stopped by Jacob Markstrom with a rebound.
2:13 of 1st period - Slapshot by Chris Tierney.
2:13 of 1st period - Deflect By Brock Boeser.
2:13 of 1st period - Stopped by Jacob Markstrom without a rebound.
2:14 of 1st period - Tyler Seguin wins face-off versus Robert Nilsson in Jets zone.
2:31 of 1st period - Slapshot by Tyler Seguin.
2:31 of 1st period - Shot Misses the Net.
2:45 of 1st period - Slapshot by Yanni Gourde.
2:45 of 1st period - Shot Misses the Net.
2:53 of 1st period - Slapshot by Yanni Gourde.
2:53 of 1st period - Shot Blocked by Adam Larsson.
3:34 of 1st period - Off-side.
3:35 of 1st period - Yanni Gourde wins face-off versus Dylan Strome in neutral zone.
4:02 of 1st period - Mirco Mueller is hit by Tyler Cuma and loses puck.
5:07 of 1st period - Snap shot by Yanni Gourde.
5:07 of 1st period - Stopped by Jacob Markstrom with a rebound.
5:09 of 1st period - Backhand shot by Travis Hamonic.
5:09 of 1st period - Deflect By Tyler Seguin.
5:09 of 1st period - Stopped by Jacob Markstrom with a rebound.
5:11 of 1st period - Slapshot by Travis Hamonic.
5:11 of 1st period - Stopped by Jacob Markstrom without a rebound.
5:12 of 1st period - Dylan Strome wins face-off versus Yanni Gourde in Jets zone.
5:27 of 1st period - Nino Niederreiter is hit by Jordan Eberle and loses puck.
5:47 of 1st period - Tony DeAngelo is hit by Dylan Strome and loses puck.
5:52 of 1st period - Wrist shot by Tyler Seguin.
5:52 of 1st period - Shot Hit the Post.
5:54 of 1st period - Wrist shot by Mirco Mueller.
5:54 of 1st period - Stopped by Petr Mrazek without a rebound.
5:55 of 1st period - Max Domi wins face-off versus Chris Tierney in Canucks zone.
6:27 of 1st period - Snap shot by Ryan Johansen.
6:27 of 1st period - Shot Blocked by Jason Spezza.
6:29 of 1st period - Slapshot by Troy Stetcher.
6:29 of 1st period - Stopped by Petr Mrazek without a rebound.
6:30 of 1st period - Ryan Johansen wins face-off versus Robert Nilsson in Canucks zone.
6:38 of 1st period - Icing by Tony DeAngelo.
6:39 of 1st period - Ryan Johansen wins face-off versus Robert Nilsson in Canucks zone.
6:54 of 1st period - Slapshot by Anthony Mantha.
6:54 of 1st period - Stopped by Petr Mrazek without a rebound.
6:55 of 1st period - Chris Tierney wins face-off versus Max Domi in Canucks zone.
8:50 of 1st period - Wrist shot by Sam Reinhart.
8:50 of 1st period - Stopped by Petr Mrazek with a rebound.
8:54 of 1st period - Snap shot by Viktor Arvidsson.
8:54 of 1st period - Shot Misses the Net.
9:25 of 1st period - Icing by Ryan Murray.
9:26 of 1st period - Chris Tierney wins face-off versus Ryan Johansen in Jets zone.
9:37 of 1st period - Wrist shot by Ryan Johansen.
9:37 of 1st period - Stopped by Petr Mrazek with a rebound.
9:39 of 1st period - Wrist shot by Ryan Johansen.
9:39 of 1st period - Deflect By Jack Roslovic.
9:39 of 1st period - Stopped by Petr Mrazek with a rebound.
9:41 of 1st period - Slapshot by Dougie Hamilton.
9:41 of 1st period - Stopped by Petr Mrazek with a rebound.
9:43 of 1st period - Slapshot by Jack Roslovic.
9:43 of 1st period - Shot Misses the Net.
9:45 of 1st period - Slapshot by Dougie Hamilton.
9:45 of 1st period - Shot Misses the Net.
10:03 of 1st period - Snap shot by Jack Roslovic.
10:03 of 1st period - Goal by Jack Roslovic - Jets : 1 - Canucks : 0.
10:04 of 1st period - Max Domi wins face-off versus Chris Tierney in neutral zone.
10:38 of 1st period - Wrist shot by Kyle Connor.
10:38 of 1st period - Shot Blocked by Alex Goligoski.
10:40 of 1st period - Snap shot by Adam Larsson.
10:40 of 1st period - Stopped by Petr Mrazek with a rebound.
10:56 of 1st period - Snap shot by Jason Spezza.
10:56 of 1st period - Shot Blocked by Tyler Seguin.
10:58 of 1st period - Slapshot by Tony DeAngelo.
10:58 of 1st period - Deflect By Jason Spezza.
10:58 of 1st period - Shot Misses the Net.
10:58 of 1st period - Puck is out of play.
10:59 of 1st period - Max Domi wins face-off versus Chris Tierney in Jets zone.
11:08 of 1st period - Snap shot by Viktor Arvidsson.
11:08 of 1st period - Deflect By Sam Reinhart.
11:08 of 1st period - Stopped by Petr Mrazek with a rebound.
11:13 of 1st period - Off-side.
11:14 of 1st period - Kyle Connor wins face-off versus J.T. Miller in neutral zone.
11:17 of 1st period - Wrist shot by Dougie Hamilton.
11:17 of 1st period - Stopped by Petr Mrazek with a rebound.
11:19 of 1st period - Slapshot by Dougie Hamilton.
11:19 of 1st period - Shot Blocked by J.T. Miller.
11:21 of 1st period - Backhand shot by Roope Hintz.
11:21 of 1st period - Shot Misses the Net.
11:23 of 1st period - Slapshot by Frank Vatrano.
11:23 of 1st period - Stopped by Petr Mrazek with a rebound.
14:22 of 1st period - Minor Penalty to Alex Goligoski for Tripping.
14:23 of 1st period - Ryan Johansen wins face-off versus J.T. Miller in Canucks zone.
15:18 of 1st period - Icing by Dougie Hamilton.
15:19 of 1st period - Ryan Johansen wins face-off versus Denis Gurianov in Jets zone.
15:32 of 1st period - Snap shot by Anthony Mantha.
15:32 of 1st period - Goal by Anthony Mantha - Jets : 2 - Canucks : 0.
15:33 of 1st period - Yanni Gourde wins face-off versus Max Domi in neutral zone.
16:00 of 1st period - Tyler Cuma is hit by Troy Stetcher and loses puck.
16:22 of 1st period - Minor Penalty to Jack Roslovic for Interference.
16:23 of 1st period - Yanni Gourde wins face-off versus Tyler Seguin in Jets zone.
16:28 of 1st period - Wrist shot by J.T. Miller.
16:28 of 1st period - Shot Misses the Net.
17:09 of 1st period - Off-side.
17:10 of 1st period - Yanni Gourde wins face-off versus Nino Niederreiter in neutral zone.
17:41 of 1st period - Slapshot by Matt Martin.
17:41 of 1st period - Shot Blocked by Ryan Murray.
18:22 of 1st period - Penalty to Jack Roslovic is over, Jack Roslovic is back on ice.
18:27 of 1st period - Kyle Connor is hit by Mark Jankowski and loses puck.
18:34 of 1st period - Slapshot by Adam Larsson.
18:34 of 1st period - Stopped by Petr Mrazek without a rebound.
18:35 of 1st period - Max Domi wins face-off versus Robert Nilsson in Canucks zone.
18:38 of 1st period - Wrist shot by Max Domi.
18:38 of 1st period - Stopped by Petr Mrazek without a rebound.
18:39 of 1st period - Robert Nilsson wins face-off versus Max Domi in Canucks zone.
19:38 of 1st period - Off-side.
19:39 of 1st period - Max Domi wins face-off versus Jordan Eberle in neutral zone.
19:44 of 1st period - Yanni Gourde is hit by Troy Stetcher and loses puck.
Goals for this period are 2 for Jets vs 0 for Canucks.
Shots for this period are 17 for Jets vs 6 for Canucks.
2nd period
0:01 of 2nd period - Yanni Gourde wins face-off versus Ryan Johansen in neutral zone.
0:08 of 2nd period - Snap shot by J.T. Miller.
0:08 of 2nd period - Stopped by Jacob Markstrom with a rebound.
2:12 of 2nd period - Dylan Strome is hit by Mark Jankowski and loses puck.
2:35 of 2nd period - Wrist shot by Frank Vatrano.
2:35 of 2nd period - Goal by Frank Vatrano - Jets : 3 - Canucks : 0.
2:36 of 2nd period - Yanni Gourde wins face-off versus Viktor Arvidsson in neutral zone.
3:58 of 2nd period - Snap shot by Daniel Zaar.
3:58 of 2nd period - Shot Blocked by Dougie Hamilton.
4:00 of 2nd period - Slapshot by Michael Kesselring.
4:00 of 2nd period - Stopped by Jacob Markstrom with a rebound.
4:02 of 2nd period - Snap shot by Gilbert Brule.
4:02 of 2nd period - Deflect By Denis Gurianov.
4:02 of 2nd period - Stopped by Jacob Markstrom without a rebound.
4:03 of 2nd period - Ryan Johansen wins face-off versus Yanni Gourde in Jets zone.
4:16 of 2nd period - Wrist shot by Jack Roslovic.
4:16 of 2nd period - Stopped by Petr Mrazek without a rebound.
4:17 of 2nd period - Yanni Gourde wins face-off versus Sam Reinhart in Canucks zone.
4:22 of 2nd period - Slapshot by Tony DeAngelo.
4:22 of 2nd period - Shot Misses the Net.
4:24 of 2nd period - Minor Penalty to Dougie Hamilton for High sticking.
4:25 of 2nd period - Yanni Gourde wins face-off versus Tyler Seguin in Jets zone.
4:32 of 2nd period - Snap shot by Yanni Gourde.
4:32 of 2nd period - Goal by Yanni Gourde - Jets : 3 - Canucks : 1.
4:33 of 2nd period - Yanni Gourde wins face-off versus Dylan Strome in neutral zone.
5:49 of 2nd period - Snap shot by Denis Gurianov.
5:49 of 2nd period - Shot Misses the Net.
5:51 of 2nd period - Slapshot by Tyler Cuma.
5:51 of 2nd period - Stopped by Jacob Markstrom with a rebound.
6:06 of 2nd period - Wrist shot by J.T. Miller.
6:06 of 2nd period - Shot Misses the Net.
6:50 of 2nd period - Snap shot by Robert Nilsson.
6:50 of 2nd period - Shot Misses the Net.
7:04 of 2nd period - Snap shot by Frank Vatrano.
7:04 of 2nd period - Stopped by Petr Mrazek with a rebound.
7:06 of 2nd period - Wrist shot by Frank Vatrano.
7:06 of 2nd period - Deflect By Kyle Connor.
7:06 of 2nd period - Goal by Kyle Connor - Jets : 4 - Canucks : 1.
7:07 of 2nd period - Yanni Gourde wins face-off versus Ryan Johansen in neutral zone.
7:10 of 2nd period - Ryan Johansen is hit by Yanni Gourde and loses puck.
7:21 of 2nd period - Backhand shot by Yanni Gourde.
7:21 of 2nd period - Stopped by Jacob Markstrom with a rebound.
7:23 of 2nd period - Snap shot by J.T. Miller.
7:23 of 2nd period - Shot Blocked by Dougie Hamilton.
8:19 of 2nd period - Wrist shot by Tyler Cuma.
8:19 of 2nd period - Shot Hit the Post.
8:21 of 2nd period - Snap shot by Jordan Eberle.
8:21 of 2nd period - Stopped by Jacob Markstrom without a rebound.
8:22 of 2nd period - Max Domi wins face-off versus Yanni Gourde in Jets zone.
8:35 of 2nd period - Slapshot by Yanni Gourde.
8:35 of 2nd period - Shot Blocked by Troy Stetcher.
8:37 of 2nd period - Snap shot by Alex Goligoski.
8:37 of 2nd period - Deflect By Troy Stetcher.
8:37 of 2nd period - Stopped by Jacob Markstrom with a rebound.
8:39 of 2nd period - Wrist shot by Jordan Eberle.
8:39 of 2nd period - Goal by Jordan Eberle - Jets : 4 - Canucks : 2.
8:40 of 2nd period - Yanni Gourde wins face-off versus Ryan Johansen in neutral zone.
8:51 of 2nd period - Snap shot by Jack Roslovic.
8:51 of 2nd period - Shot Misses the Net.
8:57 of 2nd period - Slapshot by Jack Roslovic.
8:57 of 2nd period - Stopped by Petr Mrazek with a rebound.
9:07 of 2nd period - Jordan Eberle is hit by Dougie Hamilton and loses puck.
9:12 of 2nd period - Snap shot by Viktor Arvidsson.
9:12 of 2nd period - Deflect By Jordan Eberle.
9:12 of 2nd period - Shot Misses the Net.
9:12 of 2nd period - Puck is out of play.
9:13 of 2nd period - Max Domi wins face-off versus Chris Tierney in Canucks zone.
10:19 of 2nd period - Mirco Mueller is hit by Tony DeAngelo and loses puck.
11:02 of 2nd period - Yanni Gourde is hit by Frank Vatrano and loses puck.
12:07 of 2nd period - Minor Penalty to Sam Reinhart for Tripping.
12:08 of 2nd period - Yanni Gourde wins face-off versus Tyler Seguin in Jets zone.
12:25 of 2nd period - Snap shot by Yanni Gourde.
12:25 of 2nd period - Stopped by Jacob Markstrom with a rebound.
14:07 of 2nd period - Penalty to Sam Reinhart is over, Sam Reinhart is back on ice.
16:45 of 2nd period - Max Domi is hit by J.T. Miller and loses puck.
17:32 of 2nd period - Slapshot by Jordan Eberle.
17:32 of 2nd period - Stopped by Jacob Markstrom with a rebound.
17:34 of 2nd period - Slapshot by Michael Kesselring.
17:34 of 2nd period - Shot Blocked by Dougie Hamilton.
17:36 of 2nd period - Wrist shot by J.T. Miller.
17:36 of 2nd period - Shot Misses the Net.
17:38 of 2nd period - Snap shot by J.T. Miller.
17:38 of 2nd period - Shot Misses the Net.
17:48 of 2nd period - Snap shot by J.T. Miller.
17:48 of 2nd period - Stopped by Jacob Markstrom with a rebound.
17:50 of 2nd period - Slapshot by Ben Harpur.
17:50 of 2nd period - Shot Misses the Net.
18:20 of 2nd period - Wrist shot by Yanni Gourde.
18:20 of 2nd period - Stopped by Jacob Markstrom with a rebound.
18:22 of 2nd period - Slapshot by Ben Harpur.
18:22 of 2nd period - Stopped by Jacob Markstrom with a rebound.
18:24 of 2nd period - Snap shot by Yanni Gourde.
18:24 of 2nd period - Shot Misses the Net.
18:58 of 2nd period - Slapshot by Viktor Arvidsson.
18:58 of 2nd period - Shot Misses the Net.
19:28 of 2nd period - Slapshot by J.T. Miller.
19:28 of 2nd period - Stopped by Jacob Markstrom without a rebound.
19:29 of 2nd period - Matt Martin wins face-off versus Dylan Strome in Jets zone.
19:30 of 2nd period - Wrist shot by Brock Boeser.
19:30 of 2nd period - Stopped by Jacob Markstrom without a rebound.
19:31 of 2nd period - Dylan Strome wins face-off versus Chris Tierney in Jets zone.
Goals for this period are 2 for Jets vs 2 for Canucks.
Shots for this period are 5 for Jets vs 16 for Canucks.
3rd period
0:01 of 3rd period - Dylan Strome wins face-off versus Chris Tierney in neutral zone.
0:26 of 3rd period - Troy Stetcher is hit by Yanni Gourde and loses puck.
0:35 of 3rd period - Slapshot by Adam Larsson.
0:35 of 3rd period - Stopped by Petr Mrazek with a rebound.
0:43 of 3rd period - Minor Penalty to Dougie Hamilton for Tripping.
0:44 of 3rd period - Tyler Seguin wins face-off versus Yanni Gourde in Jets zone.
1:11 of 3rd period - Brock Boeser is hit by Adam Larsson and loses puck.
1:44 of 3rd period - Nino Niederreiter is hit by Yanni Gourde.
2:24 of 3rd period - Dylan Strome is hit by J.T. Miller and loses puck.
2:43 of 3rd period - Penalty to Dougie Hamilton is over, Dougie Hamilton is back on ice.
3:19 of 3rd period - Denis Gurianov is hit by Max Domi and loses puck.
4:04 of 3rd period - Adam Larsson is hit by Yanni Gourde and loses puck.
4:21 of 3rd period - Gilbert Brule is hit by Erik Cernak and loses puck.
4:32 of 3rd period - Mirco Mueller is hit by Ben Harpur.
4:46 of 3rd period - Ryan Murray is hit by Robert Nilsson and loses puck.
5:30 of 3rd period - Wrist shot by Jason Spezza.
5:30 of 3rd period - Goal by Jason Spezza - Jets : 4 - Canucks : 3.
5:31 of 3rd period - Chris Tierney wins face-off versus Dylan Strome in neutral zone.
5:34 of 3rd period - Slapshot by Tyler Cuma.
5:34 of 3rd period - Shot Misses the Net.
5:36 of 3rd period - Wrist shot by Matt Martin.
5:36 of 3rd period - Shot Misses the Net.
6:42 of 3rd period - Troy Stetcher is hit by Matt Martin and loses puck.
6:51 of 3rd period - Slapshot by Matt Martin.
6:51 of 3rd period - Deflect By Brock Boeser.
6:51 of 3rd period - Stopped by Jacob Markstrom with a rebound.
6:53 of 3rd period - Wrist shot by Brock Boeser.
6:53 of 3rd period - Shot Misses the Net.
7:05 of 3rd period - Wrist shot by Nino Niederreiter.
7:05 of 3rd period - Shot Misses the Net.
7:27 of 3rd period - Backhand shot by Adam Larsson.
7:27 of 3rd period - Stopped by Petr Mrazek with a rebound.
7:39 of 3rd period - Minor Penalty to Jack Roslovic for Cross-checking.
7:40 of 3rd period - Tyler Seguin wins face-off versus Yanni Gourde in Jets zone.
7:51 of 3rd period - Jordan Eberle is hit by Anthony Mantha and loses puck.
8:50 of 3rd period - Matt Martin is hit by Ryan Murray and loses puck.
9:39 of 3rd period - Penalty to Jack Roslovic is over, Jack Roslovic is back on ice.
10:15 of 3rd period - Dylan Strome is hit by Mark Jankowski and loses puck.
10:37 of 3rd period - Mirco Mueller is hit by Mark Jankowski and loses puck.
11:03 of 3rd period - Snap shot by Ryan Johansen.
11:03 of 3rd period - Stopped by Petr Mrazek without a rebound.
11:04 of 3rd period - Jack Roslovic wins face-off versus Yanni Gourde in Canucks zone.
11:34 of 3rd period - Travis Hamonic is hit by Adam Larsson and loses puck.
14:04 of 3rd period - Wrist shot by Ryan Johansen.
14:04 of 3rd period - Deflect By Jack Roslovic.
14:04 of 3rd period - Shot Misses the Net.
14:04 of 3rd period - Puck is out of play.
14:05 of 3rd period - Dylan Strome wins face-off versus J.T. Miller in Canucks zone.
14:12 of 3rd period - Snap shot by Tyler Seguin.
14:12 of 3rd period - Stopped by Petr Mrazek with a rebound.
14:14 of 3rd period - Slapshot by Adam Larsson.
14:14 of 3rd period - Deflect By Yanni Gourde.
14:14 of 3rd period - Stopped by Petr Mrazek with a rebound.
15:22 of 3rd period - Slapshot by Tony DeAngelo.
15:22 of 3rd period - Shot Misses the Net.
15:24 of 3rd period - Wrist shot by Daniel Zaar.
15:24 of 3rd period - Stopped by Jacob Markstrom with a rebound.
15:26 of 3rd period - Snap shot by Gilbert Brule.
15:26 of 3rd period - Goal by Gilbert Brule - Jets : 4 - Canucks : 4.
15:27 of 3rd period - Max Domi wins face-off versus Yanni Gourde in neutral zone.
15:50 of 3rd period - Adam Larsson is hit by Jordan Eberle and loses puck.
16:25 of 3rd period - Wrist shot by Yanni Gourde.
16:25 of 3rd period - Goal by Yanni Gourde - Jets : 4 - Canucks : 5.
16:26 of 3rd period - Dylan Strome wins face-off versus Brock Boeser in neutral zone.
16:39 of 3rd period - Snap shot by Nino Niederreiter.
16:39 of 3rd period - Shot Blocked by Chris Tierney.
16:41 of 3rd period - Slapshot by Mirco Mueller.
16:41 of 3rd period - Stopped by Petr Mrazek without a rebound.
16:42 of 3rd period - Robert Nilsson wins face-off versus Ryan Johansen in Canucks zone.
17:07 of 3rd period - Yanni Gourde is hit by Sam Reinhart and loses puck.
17:34 of 3rd period - Backhand shot by Brock Boeser.
17:34 of 3rd period - Shot Misses the Net.
17:36 of 3rd period - Slapshot by Ben Harpur.
17:36 of 3rd period - Shot Misses the Net.
17:38 of 3rd period - Slapshot by Brock Boeser.
17:38 of 3rd period - Deflect By Matt Martin.
17:38 of 3rd period - Stopped by Jacob Markstrom with a rebound.
17:52 of 3rd period - Wrist shot by Ryan Johansen.
17:52 of 3rd period - Stopped by Petr Mrazek with a rebound.
17:54 of 3rd period - Slapshot by Ryan Johansen.
17:54 of 3rd period - Stopped by Petr Mrazek without a rebound.
17:55 of 3rd period - Yanni Gourde wins face-off versus Ryan Johansen in Canucks zone.
18:04 of 3rd period - Snap shot by J.T. Miller.
18:04 of 3rd period - Deflect By Yanni Gourde.
18:04 of 3rd period - Stopped by Jacob Markstrom without a rebound.
18:05 of 3rd period - Yanni Gourde wins face-off versus Max Domi in Jets zone.
18:26 of 3rd period - Adam Larsson is hit by J.T. Miller and loses puck.
18:37 of 3rd period - Snap shot by J.T. Miller.
18:37 of 3rd period - Stopped by Jacob Markstrom without a rebound.
18:38 of 3rd period - Tyler Seguin wins face-off versus Robert Nilsson in Jets zone.
18:43 of 3rd period - Wrist shot by Dougie Hamilton.
18:43 of 3rd period - Deflect By Mark Jankowski.
18:43 of 3rd period - Stopped by Petr Mrazek with a rebound.
18:45 of 3rd period - Jets, Jacob Markstrom is pulled from the net.
18:45 of 3rd period - Slapshot by Ryan Murray.
18:45 of 3rd period - Shot Blocked by Alex Goligoski.
19:11 of 3rd period - Snap shot by Yanni Gourde.
19:11 of 3rd period - Shot Misses the Net.
19:13 of 3rd period - Snap shot by Tyler Cuma.
19:13 of 3rd period - Deflect By Ryan Murray.
19:13 of 3rd period - Goal by Tyler Cuma - Jets : 4 - Canucks : 6.
19:13 of 3rd period - Jacob Markstrom from Jets was sent back in the game.
19:14 of 3rd period - Robert Nilsson wins face-off versus Max Domi in neutral zone.
19:27 of 3rd period - Wrist shot by Troy Stetcher.
19:27 of 3rd period - Stopped by Petr Mrazek without a rebound.
19:28 of 3rd period - Max Domi wins face-off versus Chris Tierney in Canucks zone.
19:29 of 3rd period - Slapshot by Sam Reinhart.
19:29 of 3rd period - Shot Misses the Net.
19:42 of 3rd period - Brock Boeser is hit by Troy Stetcher and loses puck.
19:55 of 3rd period - Chris Tierney is hit by Anthony Mantha and loses puck.
Goals for this period are 0 for Jets vs 4 for Canucks.
Shots for this period are 10 for Jets vs 9 for Canucks.